 Dungeon Crawl Stone Soup version 0.16-a0-3770-gc215ce9 (webtiles) character file.

165 Johnny the Ducker (level 5, -3/37 HPs)
             Began as an Octopode Fighter on Jan 24, 2015.
             Was an Initiate of Trog.
             Killed by divine providence
             ... invoked by an orc priest
              (13 damage)
             ... on level 4 of the Dungeon.
             The game lasted 00:04:32 (2377 turns).

Johnny the Ducker (Octopode Fighter)                Turns: 2377, Time: 00:04:32

Health: -3/37      AC:  7    Str: 20    XL:     5   Next: 46%
Magic:  5/5        EV: 16    Int: 13    God:    Trog [......]
Gold:   207        SH:  9    Dex: 13    Spells: 0 memorised, 4 levels left

rFire  . . .     SeeInvis .     f - +2 dagger (drain)
rCold  . . .     Clarity  .     c - +0 shield
rNeg   . . .     SustAb   .     (helmet restricted)
rPois  .         Gourm    .     (no amulet)
rElec  .         Spirit   .     b - +6 ring of protection
rCorr  .         Warding  .     o - ring of teleportation (curse)
rMut   .         Rnd*Tele +     r - +5 ring of evasion
MR     .....                    t - +3 ring of intelligence
Stlth  ++........               (no ring)
                                (no ring)
                                (no ring)
                                (no ring)

@: mighty, drained, not resistant to hostile enchantments, unstealthy
A: almost no armour, amphibious, 8 rings, constrict 8, camouflage 1, gelatinous
body 1
a: Burn Spellbooks, Renounce Religion, Evoke Teleportation


You were on level 4 of the Dungeon.
You worshipped Trog.
Trog was noncommittal.
You were not hungry.

You visited 2 branches of the dungeon, and saw 5 of its levels.

You collected 207 gold pieces.

Inventory:

Hand weapons
 a - a +0 long sword
 f - a +2 dagger of draining (weapon)
Armour
 c - a +0 shield (worn)
Jewellery
 b - a +6 ring of protection (left tentacle)
 o - a cursed ring of teleportation (right tentacle)
 r - a +5 ring of evasion (on tentacle)
 t - a +3 ring of intelligence (on tentacle)
Scrolls
 g - 2 scrolls of fog
 h - a scroll of enchant weapon
 l - 3 scrolls of blinking
 m - a scroll of magic mapping
 u - 2 scrolls of remove curse {unknown}
Potions
 e - 2 potions of might
 j - 3 potions of invisibility {unknown}
 k - a potion of ambrosia {unknown}
 n - 2 potions of lignification {unknown}
 p - 3 potions of curing {unknown}
 s - a potion of restore abilities {unknown}
Comestibles
 d - 2 bread rations
 i - a meat ration
 q - 3 chunks of flesh
 v - 2 fruits


   Skills:
 + Level 3.7(3.4) Fighting
 + Level 2.6(2.3) Long Blades
 * Level 4.5(4.2) Dodging
 * Level 3.8(3.5) Shields


You had 4 spell levels left.
You didn't know any spells.

Dungeon Overview and Level Annotations

Branches:
Dungeon (4/15)             Temple (1/1) D:4

Altars:
Ashenzari
Kikubaaqudgha
Okawaru
Qazlal
Sif Muna
Trog
Xom
Yredelemnul

Annotations:
D:4 Menkaure


Innate Abilities, Weirdness & Mutations

You cannot wear most types of armour.
You are amphibious.
You can wear up to eight rings at the same time.
You can use your tentacles to constrict many enemies at once.
Your skin changes colour to match your surroundings (Stealth).
Your rubbery body absorbs attacks (AC +1).


Message History

The orc hits you with a flail.
Drink which item? (? for menu, Esc to quit)
Okay, then.
You hit the orc. You drain the orc!
The orc is heavily wounded.
You constrict the orc. The orc barely misses you.
You hit the orc.
You kill the orc!
Trog accepts your kill.
The orc priest calls down the wrath of Beogh upon you.
Something smites you!
* * * LOW HITPOINT WARNING * * *
The orc priest invokes the aid of Beogh against you.
Pain shoots through your body!
* * * LOW HITPOINT WARNING * * *
Drink which item? (? for menu, Esc to quit)
You feel very mighty all of a sudden.
The orc priest mumbles some strange prayers to Beogh against you.
Something smites you!
You die...

#...!o ..# #.oo..#####..#####
#.....o...........
#.#.......... #o#..........
#.##...##.... #....###
#######o## #.....@)# #.......#
#.....o.# ....
######..#####......
###########................. ..
##........##................
#.#
#........[.....#...........#.._
##........###.##.##........#.#
########## #.##.###.........


You could see 2 orc priests.

Vanquished Creatures
  An orc wizard (D:3)
  2 adders (D:2)
  2 worms
  A giant gecko (D:3)
  An ooze (D:3)
  15 orcs
  A ball python (D:2)
  10 bats
  3 giant cockroaches
  12 goblins
  9 hobgoblins
  10 jackals
  2 quokkas (D:2)
  3 giant newts
  7 kobolds
  8 rats
87 creatures vanquished.

Notes
Turn   | Place    | Note
--------------------------------------------------------------
     0 | D:1      | Johnny, the Octopode Fighter, began the quest for the Orb.
     0 | D:1      | Reached XP level 1. HP: 16/16 MP: 1/1
   258 | D:1      | Reached XP level 2. HP: 21/21 MP: 2/2
   692 | D:2      | Reached XP level 3. HP: 26/26 MP: 3/3
   914 | D:2      | Reached XP level 4. HP: 25/31 MP: 4/4
  1000 | D:2      | Reached skill level 4 in Dodging
  1486 | D:3      | Found a shimmering altar of Xom.
  1600 | D:3      | Reached XP level 5. HP: 36/36 MP: 5/5
  2100 | D:4      | Noticed Menkaure
  2122 | D:4      | Found a shattered altar of Ashenzari.
  2161 | D:4      | Found a staircase to the Ecumenical Temple.
  2263 | Temple   | Entered the Ecumenical Temple
  2282 | Temple   | Became a worshipper of Trog the Wrathful
  2377 | D:4      | Killed from afar by an orc priest

Action                   |  1- 3 |  4- 6 || total
-------------------------+-------+-------++-------
Melee: Long sword        |    65 |    64 ||   129
       Dagger            |       |    45 ||    45
  Use: Scroll            |       |     5 ||     5
       Potion            |       |     1 ||     1
 Stab: Sleeping          |     6 |     6 ||    12
  Eat: Chunk             |       |     5 ||     5
